 Dungeon Crawl Stone Soup version 0.29-a0-495-g17b79114eb (webtiles) character file.

Game seed: 16204699330105098827

441 Hubjo the Firebug (level 6, -1/36 HPs)
             Began as a Deep Elf Fire Elementalist on May 27, 2022.
             Slain by a river rat (4 damage)
             ... on level 5 of the Dungeon.
             The game lasted 00:04:14 (4321 turns).

Hubjo the Firebug (Deep Elf Fire Elementalist)      Turns: 4321, Time: 00:04:15

Health: -1/36      AC:  2    Str:  5    XL:     6   Next: 70%
Magic:  1/15       EV: 12    Int: 22    God:
Gold:   70         SH:  0    Dex: 15    Spells: 10/15 levels left

rFire   . . .      SeeInvis .   v - +4 short sword
rCold   . . .      Faith    .   p - orb {light}
rNeg    . . .      Spirit   .   a - +0 robe
rPois   .          Reflect  .   (no helmet)
rElec   .          Harm     .   (no cloak)
rCorr   .          Rampage  .   (no gloves)
Will    .....                   (no boots)
Stlth   +.........              (no amulet)
HPRegen 0.12/turn               (no ring)
MPRegen 0.14/turn               (no ring)

@: very slightly contaminated, glowing, very slow
A: no striking features
a: no special abilities


You were on level 5 of the Dungeon.
You visited 1 branch of the dungeon, and saw 5 of its levels.

You collected 70 gold pieces.

Inventory:

Hand Weapons
 h - a +0 dagger of draining
 q - a +1 dagger of venom
 v - a +4 short sword (weapon)
Armour
 a - a +0 robe (worn)
 n - +0 pearl dragon scales
 p - an orb of light (worn)
Jewellery
 l - a ring of willpower
 u - a +6 ring of dexterity
Wands
 r - a wand of polymorph (3)
Scrolls
 c - a scroll of teleportation
 e - a scroll of blinking {unknown}
 i - a scroll of identify
 m - a scroll of fear {unknown}
 t - 2 scrolls of torment
Potions
 b - 2 potions of magic
 d - a potion of might {unknown}
 f - a potion of invisibility {unknown}
 g - a potion of haste
 k - 3 potions of berserk rage {unknown}
 o - a potion of resistance {unknown}
 s - a potion of curing {unknown}


   Skills:
 + Level 2.8 Fighting
 - Level 2.4 Dodging
 + Level 4.7 Stealth
 + Level 5.1 Spellcasting
 - Level 1.1 Conjurations
 * Level 5.3 Fire Magic


You had 10 spell levels left.
You knew the following spells:

 Your Spells              Type           Power      Damage    Failure   Level
a - Foxfire               Conj/Fire      76%        2x1d7     2%          1
b - Flame Wave            Conj/Fire      19%        2d6       26%         4

Your spell library contained the following spells:

 Spells                   Type           Power      Damage    Failure   Level
 Scorch                   Fire           58%        2d8       1%          2
 Conjure Flame            Conj/Fire      19%        6-21      8%          3
 Inner Flame              Hex/Fire       17%        N/A       10%         3


Dungeon Overview and Level Annotations

Branches:
Dungeon (6/15)             Temple (0/1) D:5

Altars:
Dithmenos


Message History

Confirm with . or Enter, or press ? or * to list all spells.
The spell is extremely dangerous to miscast (26% risk of failure)!
Continue anyway?
Casting: Flame Wave (extremely dangerous; 26% risk of failure)
Press: ? - help, Dir - look around, f - activate You miscast Flame Wave.
You are very lightly contaminated with residual magic.
Nothing appears to happen.
Unknown command.
You are too injured to fight recklessly!
You are too injured to fight recklessly!
You are too injured to fight recklessly!
Casting: Flame Wave (extremely dangerous; 26% risk of failure)
Confirm with . or Enter, or press ? or * to list all spells.
You don't have enough magic to cast this spell.
Casting: Flame Wave (extremely dangerous; 26% risk of failure)
Confirm with . or Enter, or press ? or * to list all spells.
You don't have enough magic to cast this spell.
Casting: Flame Wave (extremely dangerous; 26% risk of failure)
Confirm with . or Enter, or press ? or * to list all spells.
You don't have enough magic to cast this spell.
Casting: Flame Wave (extremely dangerous; 26% risk of failure)
Confirm with . or Enter, or press ? or * to list all spells.
You don't have enough magic to cast this spell.
You hit the river rat but do no damage.
The river rat is lightly wounded.
The river rat bites you.
Your unstable footing causes you to fumble your attack.
You barely miss the rat. The river rat closely misses you.
Your unstable footing causes you to fumble your attack.
The river rat bites you.
* * * LOW HITPOINT WARNING * * *
The rat barely misses you.
You barely miss the rat. The river rat barely misses you.
The rat barely misses you. The rat bites you but does no damage.
The river rat bites you.
* * * LOW HITPOINT WARNING * * *
You hit the rat.
The rat is severely wounded.
The river rat bites you.
You die...

,,,,,,+,,,,*,,,,,#.§§....#....,,,
,,,,,,*,,,,*.....#.......#...#***
,,,,,,*,,,,*.....#.......#...#
,,,,,,*,,,*###...#.......#...#
,,,,,**,,,*#.............#...#
,,,,,*,,,,,,....≈........'..v#
,,,,,*,,,,,,,,≈≈≈≈≈.≈§.†.#...#
,,,,,*,,,,,,####r#≈#≈≈...#...#
,,,,,*,,,,,,#≈≈r@≈†≈≈≈...#...##
,,,,,*,,,,,,#≈########...#....#
,,,,,***+***#≈≈r≈r≈#≈#...#....#
,,,,,*,,,,,,####≈#≈#≈#...#....#
,,,,,*,,,,,,*≈≈≈≈#≈*≈#...#....#
,,,,,*,,,,,,*≈**≈*≈*≈#...#....#
,,,,,********≈*≈≈*≈*≈#...######
****** *≈*≈**≈*≈##### *≈*≈**≈≈≈*


You could see a river rat and a rat.

Vanquished Creatures
  Menkaure (D:5)
  A phantom (D:5)
  A wight (D:6)
  A gnoll shaman (D:3)
  Terence (D:3)
  3 gnolls (D:3)
  2 adders (D:2)
  6 worms
  3 dart slugs
  3 orcs (D:3)
  9 ball pythons
  8 endoplasms
  2 giant cockroaches
  3 hobgoblins
  2 jackals (D:2)
  2 quokkas
  5 bats
  4 frilled lizards
  9 goblins
  6 kobolds
  5 rats
77 creatures vanquished.

Vanquished Creatures (collateral kills)
  A foxfire (D:3)
1 creature vanquished.

Vanquished Creatures (others)
  506 foxfires
  4 plants (D:3)
510 creatures vanquished.

Grand Total: 588 creatures vanquished

Notes
Turn   | Place    | Note
-------+----------+-------------------------------------------
     0 | D:1      | Hubjo the Deep Elf Fire Elementalist began the quest for
                  | the Orb.
     0 | D:1      | Reached XP level 1. HP: 10/10 MP: 6/6
   504 | D:1      | Reached XP level 2. HP: 16/16 MP: 0/8
   772 | D:1      | Reached skill level 1 in Fighting
  1391 | D:2      | Reached XP level 3. HP: 20/20 MP: 0/9
  1798 | D:2      | Found a faded altar of an unknown god.
  2136 | D:2      | Reached XP level 4. HP: 26/26 MP: 3/11
  3034 | D:3      | Found a shadowy altar of Dithmenos.
  3325 | D:3      | Noticed Terence
  3334 | D:3      | Killed Terence
  3488 | D:3      | Learned a level 4 spell: Flame Wave
  3672 | D:3      | Reached XP level 5. HP: 17/30 MP: 4/13
  3858 | D:3      | You fall into a shaft and drop 3 floors!
  3895 | D:6      | Noticed an ogre
  3898 | D:5      | Entered Level 5 of the Dungeon
  3898 | D:5      | Noticed Menkaure
  3905 | D:5      | Killed Menkaure
  3906 | D:5      | Reached skill level 5 in Fire Magic
  3906 | D:5      | Reached XP level 6. HP: 11/36 MP: 1/15
  3949 | D:5      | Reached skill level 5 in Spellcasting
  4321 | D:5      | Slain by a river rat

Illustrated notes

Levels and vault maps discovered:
D:1:      dpeg_arrival_three_bigger_balls, layout_rooms, st_stairs_1,
          minmay_misc_feat_diagonals, patterned_corridor
D:2:      layout_basic, shapermc_ecumenical_altar_notcrosses
D:3:      layout_rooms, nicolae_dithmenos_through_a_glass_darkly, serial_glass,
          glass_columns_a, glass_columns_c, glass_columns_c, glass_columns_a,
          glass_columns_a, glass_columns_b, glass_columns_a, glass_columns_b,
          due_unseen_surprise, nicolae_grassy_gnolls, uniq_terence
D:5:      layout_gridville, minmay_temple_entry_tees, lightli_sewer_entry_pipes,
          grunt_decor_fettered, uniq_duvessa, uniq_menkaure
D:6:      layout_rooms, serial_shops, nicolae_take_the_stairs, uniq_sigmund,
          uniq_eustachio

Skill      XL: |  1  2  3  4  5  6 |
---------------+-------------------+-----
Fighting       | 1 2 |  2.8
Stealth        | 3 4 |  4.7
Spellcasting   | 4 5 |  5.1
Fire Magic     | 4 5 |  5.3
Dodging        | |  2.4
Conjurations   | |  1.1

Action                   |  1- 3 |  4- 6 || total
-------------------------+-------+-------++-------
Melee: Dagger            |     3 |    10 ||    13
       Short sword       |       |    14 ||    14
 Cast: Foxfire           |   154 |   145 ||   299
       Flame Wave        |       |     2 ||     2
Evoke: Wand              |       |     1 ||     1
  Use: Scroll            |       |     3 ||     3
Armor: Robe              |     5 |     5 ||    10
Dodge: Dodged            |    21 |    32 ||    53

Table legend: (Time is in decaauts)
 A = Elapsed time spent in this place.
 B = Non-inter-level travel time spent in this place.
 C = Inter-level travel time spent in this place.
 D = Time resting spent in this place.
 E = Time spent auto-exploring this place.
 F = Levels seen in this place.
 G = Mean time per level.
                   A        B        C        D        E       F      G
               +--------+--------+--------+--------+--------+-----+--------+
         Total |   4326 |   4256 |     70 |    321 |   3368 |   5 |  865.2 |
       Dungeon |   4326 |   4256 |     70 |    321 |   3368 |   5 |  865.2 |
               +--------+--------+--------+--------+--------+-----+--------+

Top non-repeatable levels by time:
     D:2: 1580 daAuts
     D:1: 1306 daAuts
     D:3: 969 daAuts
     D:5: 430 daAuts
     D:6: 39 daAuts
